 Dungeon Crawl Stone Soup version 0.20-a0-1122-gb7cbeb9 (webtiles) character file.

21 Multipenetrator the Slasher (level 2, 0/22 HPs)
             Began as a Demonspawn Gladiator on May 15, 2017.
             Slain by Zigma's ghost (4 damage)
             ... on level 3 of the Dungeon.
             The game lasted 00:02:50 (266 turns).

Multipenetrator the Slasher (Demonspawn Gladiator)   Turns: 266, Time: 00:02:50

Health: 0/22       AC:  6    Str: 14    XL:     2   Next: 62%
Magic:  2/2        EV: 13    Int:  9    God:
Gold:   28         SH:  0    Dex: 14    Spells: 1/1 levels left

rFire    . . .     SeeInvis .   a - +0 long sword
rCold    . . .     Gourm    .   (no shield)
rNeg     . . .     Faith    .   b - +0 leather armour
rPois    .         Spirit   .   c - +0 helmet
rElec    .         Reflect  .   (no cloak)
rCorr    .         Harm     .   (no gloves)
MR       .....                  (no boots)
Stlth    +.........             (no amulet)
Regen    0.1/turn               (no ring)
MPRegen  0.1/turn               (no ring)

@: no status effects
A: slimy green scales 1
a: no special abilities


You were on level 3 of the Dungeon.
You were not hungry.

You visited 1 branch of the dungeon, and saw 4 of its levels.

You collected 28 gold pieces.

Inventory:

Hand Weapons
 a - a +0 long sword (weapon)
 k - a +2 dagger of venom
Missiles
 d - 3 throwing nets (quivered)
Armour
 b - a +0 leather armour (worn)
 c - a +0 helmet (worn)
Scrolls
 g - a scroll of blinking {unknown}
 h - 2 scrolls of enchant armour {unknown}
 i - 2 scrolls of teleportation {unknown}
Potions
 e - a potion of might {unknown}
Comestibles
 f - a bread ration
 j - 2 chunks of flesh


   Skills:
 + Level 2.1 Fighting
 * Level 3.3 Long Blades
 - Level 1.7 Throwing
 + Level 2.9 Dodging


You had one spell level left.
You didn't know any spells.

Dungeon Overview and Level Annotations

Branches:
Dungeon (4/15)
 Temple: D:4-7

Altars:
Cheibriados
Xom

Annotations:
D:3 Zigma's ghost, weakling DrMo
D:4 Eustachio


Innate Abilities, Weirdness & Mutations

You are partially covered in slimy green scales. (AC +2)


Message History

Zigma's ghost closely misses you.
You riposte.
You closely miss Zigma's ghost.
There is a stone staircase leading up here.
You hit Zigma's ghost.
Zigma's ghost is lightly damaged.
Zigma's ghost closely misses you.
You hit Zigma's ghost.
Zigma's ghost is moderately damaged.
Zigma's ghost hits you.
You hit Zigma's ghost but do no damage.
Zigma's ghost is moderately damaged.
Zigma's ghost hits you.
You hit Zigma's ghost but do no damage.
Zigma's ghost is moderately damaged.
Zigma's ghost hits you.
You slash Zigma's ghost!
Zigma's ghost is heavily damaged.
Zigma's ghost hits you!
* * * LOW HITPOINT WARNING * * *
Zigma's ghost hits you.
You die...

##### ##...## ##.....#
#.≈≈≈..############
#≈≈≈≈≈......>.#...##
#≈≈.≈≈#####........###
#≈≈≈≈≈# #...........
##≈≈≈## #..W@......#
##_# ........###...##
## ........# ....
.........# ...
.......... ......#####
...... .....


You could see Zigma's ghost.

Vanquished Creatures
  An adder (D:2)
  A dart slug (D:3)
  A leopard gecko (D:2)
  A bat (D:2)
  A giant cockroach (D:2)
  A hobgoblin (D:2)
  2 kobolds (D:2)
  A rat (D:2)
9 creatures vanquished.

Notes
Turn   | Place    | Note
-------+----------+-------------------------------------------
     0 | D:1      | Multipenetrator the Demonspawn Gladiator began the quest for the Orb.
     0 | D:1      | Reached XP level 1. HP: 16/16 MP: 1/1
    36 | D:2      | Found a shimmering altar of Xom.
    51 | D:2      | Reached skill level 3 in Long Blades
    51 | D:2      | Gained mutation: You are partially covered in slimy green scales. (AC +2) [demonic ancestry]
    51 | D:2      | Reached XP level 2. HP: 22/22 MP: 2/2
   236 | D:4      | Noticed Eustachio
   251 | D:3      | Found a snail-covered altar of Cheibriados.
   258 | D:3      | Noticed Zigma's ghost (weakling DrMo)
   266 | D:3      | Slain by Zigma's ghost

Vault maps used:
D:1:      nicolae_arrival_washed_ashore, minmay_misc_feat_hallway
D:2:      overflow_temple_1_default
D:3:      kennysheep_slug_shrine, first_bread
D:4:      elyvilon_altar_4, feat_on_display, uniq_pikel, uniq_eustachio

Skill      XL: |  1 |
---------------+----+-----
Long Blades    | 3 |  3.3
Fighting       | |  2.1
Throwing       | |  1.7
Dodging        | |  2.9

Action                   || total
-------------------------++-------
Melee: Long sword        ||    23
Armor: Leather armour    ||     7
Dodge: Dodged            ||    24
       Rpst.: Long sword ||    11
